 Dungeon Crawl Stone Soup version 0.22-a0-460-g49b1da7 (webtiles) character file.

530 Darkstone the Chopper (level 7, -6/61 HPs)
             Began as a Hill Orc Fighter on June 9, 2018.
             Mangled by Turq's ghost (9 damage)
             ... on level 4 of the Dungeon.
             The game lasted 00:20:03 (4562 turns).

Darkstone the Chopper (Hill Orc Fighter)            Turns: 4562, Time: 00:20:04

Health: -6/61      AC: 12    Str: 19    XL:     7   Next: 24%
Magic:  7/7        EV:  3    Int: 10    God:
Gold:   83         SH:  9    Dex: 10    Spells: 6/6 levels left

rFire    . . .     SeeInvis .   a - +0 war axe
rCold    . . .     Gourm    .   c - +0 shield
rNeg     . . .     Faith    .   y - +0 plate armour
rPois    .         Spirit   .   (no helmet)
rElec    .         Reflect  .   (no cloak)
rCorr    .         Harm     .   (no gloves)
MR       .....                  (no boots)
Stlth    ..........             (no amulet)
HPRegen  0.20/turn              (no ring)
MPRegen  0.10/turn              (no ring)

@: no status effects
A: no striking features
a: no special abilities


You were on level 4 of the Dungeon.
You were hungry.

You visited 2 branches of the dungeon, and saw 5 of its levels.

You collected 83 gold pieces.

Inventory:

Hand Weapons
 a - a +0 war axe (weapon)
 g - a +2 scythe of protection
Missiles
 b - 23 arrows
 x - 28 poisoned needles
Armour
 c - a +0 shield (worn)
 y - a +0 plate armour (worn)
Jewellery
 h - a cursed ring of teleportation {unknown}
 r - an uncursed ring of wizardry {unknown}
 z - an uncursed ring of poison resistance {unknown}
Scrolls
 e - 3 scrolls of teleportation {unknown}
 i - 5 scrolls of identify {unknown}
 k - a scroll of amnesia {unknown}
 o - a scroll of random uselessness {unknown}
 s - a scroll of blinking {unknown}
 t - 2 scrolls of enchant armour {unknown}
 u - 2 scrolls of noise {unknown}
 v - a scroll of magic mapping {unknown}
 w - 3 scrolls of enchant weapon {unknown}
Potions
 d - a potion of might
 j - a potion of curing {unknown}
 l - a potion of lignification {unknown}
 m - 2 potions of heal wounds {unknown}
 n - 3 potions of magic {unknown}
 p - a potion of degeneration {unknown}
 q - a potion of flight {unknown}
Comestibles
 f - 4 rations


   Skills:
 + Level 5.1 Fighting
 * Level 6.2 Axes
 + Level 4.6 Armour
 + Level 2.4 Stealth
 + Level 4.6 Shields


You had 6 spell levels left.
You didn't know any spells.
Your spell library was empty.

Dungeon Overview and Level Annotations

Branches:
Dungeon (4/15)             Temple (1/1) D:4

Altars:
Ashenzari
Cheibriados
Dithmenos
Gozag
Kikubaaqudgha
Nemelex Xobeh
Okawaru
Qazlal
Ru
Sif Muna
Trog
Uskayaw
Vehumet
Xom
Yredelemnul
Zin

Annotations:
D:4 1 transporter, Turq's ghost, novice TrAE


Message History

Turq's ghost is moderately damaged.
Turq's ghost hits you. x2
You hit Turq's ghost.
Turq's ghost is heavily damaged.
Turq's ghost assumes a wrestling stance.
Turq's ghost hits you.
You hit Turq's ghost but do no damage.
Turq's ghost is heavily damaged.
Turq's ghost hits you.
You closely miss Turq's ghost.
Turq's ghost is heavily damaged.
Turq's ghost hits you!
* * * LOW HITPOINT WARNING * * *
Turq's ghost hits you but does no damage.
You hit Turq's ghost.
Turq's ghost is heavily damaged.
Turq's ghost hits you!
* * * LOW HITPOINT WARNING * * *
Turq's ghost hits you!
You die...

########## .#...
#####........######...8
....................#
.≈≈≈≈≈..............#
≈≈≈≈≈≈≈≈....#.....##...
≈≈≈≈≈≈≈≈≈≈..#....##
≈≈≈≈≈≈≈≈≈≈≈......#
≈≈...≈≈≈≈≈≈......#
≈≈.>.≈≈≈≈≈≈.....@#
≈≈...≈≈≈≈≈≈.....W#
≈≈≈≈≈≈≈≈≈≈..#....#
≈≈≈≈≈≈≈≈....##..##
.≈≈≈≈≈......##..#
................#
..##.....#####..#
..###...## #..#
..#....## #..#


You could see Turq's ghost.

Vanquished Creatures
  Sigmund (D:3)
  A howler monkey (D:4)
  A gnoll shaman (D:3)
  2 orc wizards (D:3)
  Jessica (D:2)
  2 worker ants
  The ghost of Turq the Ruffian, a weakling DrTm (D:3)
  3 gnolls
  3 adders
  2 oozes
  An adder zombie (D:3)
  A worm (D:2)
  3 dart slugs
  A leopard gecko (D:3)
  6 orcs
  5 giant cockroaches
  5 goblins
  3 hobgoblins
  6 jackals (D:1)
  11 kobolds
  A ball python (D:2)
  11 bats
  5 frilled lizards
  6 rats
82 creatures vanquished.

Notes
Turn   | Place    | Note
-------+----------+-------------------------------------------
     0 | D:1      | Darkstone the Hill Orc Fighter began the quest for the Orb.
     0 | D:1      | Reached XP level 1. HP: 19/19 MP: 1/1
   125 | D:1      | Reached skill level 3 in Axes
   125 | D:1      | Reached XP level 2. HP: 27/27 MP: 2/2
   416 | D:1      | Reached XP level 3. HP: 32/33 MP: 3/3
  1183 | D:1      | Reached skill level 1 in Stealth
  1371 | D:2      | Reached XP level 4. HP: 36/40 MP: 4/4
  1549 | D:2      | Found a basalt altar of Yredelemnul.
  1682 | D:2      | Reached skill level 4 in Axes
  1741 | D:2      | Noticed Jessica
  1763 | D:2      | Killed Jessica
  2241 | D:4      | Noticed Sigmund
  2305 | D:3      | Reached XP level 5. HP: 27/47 MP: 5/5
  2750 | D:3      | Noticed Turq's ghost (weakling DrTm)
  2983 | D:3      | Killed Sigmund
  2983 | D:3      | Reached skill level 5 in Axes
  2983 | D:3      | Reached XP level 6. HP: 37/55 MP: 6/6
  3001 | D:3      | Killed Turq's ghost
  3436 | D:3      | Found a snail-covered altar of Cheibriados.
  3480 | D:3      | Found a bloodstained altar of Trog.
  3781 | D:3      | Reached skill level 5 in Fighting
  3781 | D:3      | Reached XP level 7. HP: 46/61 MP: 7/7
  3878 | D:4      | Found a transporter.
  4074 | D:4      | Reached skill level 6 in Axes
  4125 | D:4      | Found a staircase to the Ecumenical Temple.
  4264 | Temple   | Entered the Ecumenical Temple
  4523 | D:4      | Noticed Turq's ghost (novice TrAE)
  4561 | D:4      | HP: 3/61 [Turq's ghost (9)]
  4562 | D:4      | Mangled by Turq's ghost

Vault maps used:
D:1:      scummos_arrival_gate
D:2:      lemuel_doored_altar, uniq_jessica
D:3:      nicolae_overflow_crystal_walls, cheibriados_altar_1
D:4:      gammafunk_wand_slinger, elyvilon_altar_1, temple_pool_b, first_ration,
          uniq_sigmund
Temple:   eino_narrow_crystal_temple

Skill      XL: |  1  2  3  4  5  6  7 |
---------------+----------------------+-----
Axes           | 3 4 5 6 |  6.2
Fighting       | 4 5 |  5.1
Stealth        | 1 2 |  2.4
Shields        | 4 |  4.6
Armour         | 4 |  4.6

Action                   |  1- 3 |  4- 6 |  7- 9 || total
-------------------------+-------+-------+-------++-------
Melee: War axe           |   138 |   155 |    56 ||   349
  Eat: Chunk             |     2 |     4 |     2 ||     8
       Ration            |       |     1 |       ||     1
Armor: Scale mail        |    77 |    76 |     1 ||   154
       Plate armour      |       |       |    28 ||    28
Dodge: Dodged            |    48 |    41 |     7 ||    96
Block: Shield            |    79 |   101 |    18 ||   198

Table legend:
 A = Spawn XP
 B = Non-spawn XP
 C = Spawn XP percentage of total XP
 D = Spawn monster count
 E = Non-spawn monster count
 F = Spawn count percentage of total count
 G = Total turns spent on level
                    A         B        C        D         E        F      G
               +---------+---------+-------+---------+---------+-------+---------
         Total |       0 |     758 |   0.0 |       0 |      82 |   0.0 |  4562
               +---------+---------+-------+---------+---------+-------+---------
           D:1 |       0 |      71 |   0.0 |       0 |      31 |   0.0 |  1314
           D:2 |       0 |      77 |   0.0 |       0 |      20 |   0.0 |  1255
           D:3 |       0 |     480 |   0.0 |       0 |      25 |   0.0 |  1428
           D:4 |       0 |     130 |   0.0 |       0 |       6 |   0.0 |   345
               +---------+---------+-------+---------+---------+-------+---------
